[Event "FIDE WY-U16 Olympiad 2022"]
[Site "Nakhchivan"]
[Date "2022.10.03"]
[Round "2.5"]
[White "Levitan, Caleb Levi"]
[Black "Nemsadze, Daviti"]
[Result "0-1"]
[ECO "A45"]
[WhiteElo "2063"]
[BlackElo "2012"]
[Annotator "TA"]
[PlyCount "184"]
[EventDate "2022.10.02"]
[EventType "team-tourn"]
[EventCountry "AZE"]
[TimeControl "40/5400+30:1800+30"]

1. d4 Nf6 2. Bf4 e6 3. e3 c5 4. c3 d5 5. Nd2 Nc6 6. Ngf3 cxd4 {[%emt 0:01:34] 6...Nh5 is a critical line.} 7. exd4 {[%emt 0:00:34] D02: 1 d4 d5 2 Nf3 sidelines, including 2...Nf6 3 g3 and 2...Nf6 3 Bf4.} Nh5 8. Be3 Bd6 {[%emt 0:00:39] Against Ne5} 9. Ne5 {[%emt 0:02:02] The position is equal.} Nf6 10. f4 Qb6 {[%emt 0:00:13] [#]} 11. Nd3 $146 ({Predecessor:} 11. Qb3 Ng8 12. Bd3 Nge7 13. g3 f6 14. Nef3 Bd7 15. O-O O-O 16. Qc2 Nf5 17. Rae1 {1-0 (34) Aronian,L (2772)-Aditya,M (2459) Warsaw 2021}) 11... Ne7 12. Be2 Nf5 13. Bf2 Ne4 14. O-O Nxf2 15. Rxf2 f6 16. Nb3 O-O 17. Qd2 Qc7 18. Re1 b6 19. Bf3 Bd7 20. g3 Rae8 21. Rfe2 Kh8 22. Na1 Qc8 23. Nc2 Bb8 24. Ne3 {[%emt 0:03:34] And now Nxf5 would win.} Nd6 25. Bg2 Ne4 26. Qc2 Bb5 27. a4 Bxd3 28. Qxd3 f5 29. c4 Qd7 30. b3 Rd8 31. Rd1 Qb7 32. Rc2 Bd6 33. Rdc1 Ba3 34. Rd1 Bb4 35. cxd5 exd5 36. Rdc1 (36. Qb5 {seems wilder.} a5 37. Nxf5 Nc3 38. Rxc3 Bxc3 39. Ne3) 36... Ba3 37. Ra1 ({Don't play} 37. Rc7 Qb8 38. R1c2 Nc5 39. R7xc5 bxc5 $15) 37... Be7 38. Bxe4 dxe4 39. Qd2 Rd7 40. Rd1 $1 a5 41. Qe2 Rfd8 42. Nxf5 Bf6 43. g4 g6 44. g5 $2 (44. Ng3 $11) 44... gxf5 $19 45. gxf6 Rg8+ 46. Kf1 e3 $1 47. d5 Rxd5 48. f7 Qxf7 (48... Rxd1+ $142 49. Qxd1 Qh1+ 50. Ke2 Qg2+ 51. Kxe3 Qe4+ 52. Kf2 Qxf4+ 53. Qf3 Qxh2+ 54. Ke3 f4+ 55. Qxf4 Rg3+ 56. Qf3 Qh6+ 57. Kf2 Qh2+ 58. Ke3 Qh6+ 59. Kf2 Qh2+ 60. Ke3) 49. Rdc1 Qe6 {[%emt 0:00:00] Prevents Rc8.} 50. Qc4 Qd6 {[%emt 0:00:00] Threatens to win with ...Rc5.} 51. Qc3+ Rd4 52. Qxe3 Rxf4+ 53. Rf2 Rxf2+ 54. Kxf2 Qxh2+ {[%emt 0:00:00][%mdl 4096] Endgame KQR-KQR} 55. Kf1 {[%emt 0:00:09] Threatening mate with Qd4+.} Qg2+ ({Wrong is} 55... h6 $2 56. Qc3+ Kh7 57. Qc7+ Qxc7 58. Rxc7+ Rg7 59. Rc6 $19) 56. Ke1 Qg1+ ({Inferior is} 56... Rd8 57. Qe5+ Qg7 58. Qxg7+ Kxg7 59. Rc6 $17) 57. Ke2 Qxe3+ 58. Kxe3 {[%emt 0:00:02] KR-KR} Rg4 59. Rf1 $2 (59. Rc8+ Kg7 60. Rc7+ Kh6 61. Rc6+ Rg6 62. Rc7) 59... Rg3+ 60. Kf4 Rxb3 61. Kxf5 Kg7 62. Rg1+ Kf7 63. Rh1 Kg7 64. Rg1+ {[%emt 0:00:06] [#]} Kf8 $1 65. Rh1 Rb4 66. Rxh7 (66. Rh6 $142 Kg7 67. Rd6) 66... Rxa4 67. Kf6 $2 (67. Rh1) 67... Rf4+ 68. Ke5 Rb4 69. Kf6 Ke8 70. Ke6 Kd8 71. Kd6 Kc8 {[%emt 0:00:02] aiming for ...Rc4.} 72. Kc6 Kb8 73. Rg7 $2 (73. Rb7+ Ka8 74. Rh7) 73... a4 74. Rb7+ {[%emt 0:01:50] [#]} Ka8 $2 ({Black should try} 74... Kc8 $1 $19 {( -> ...Rc4+)} 75. Ra7 Kd8) 75. Rg7 Rb3 {[%emt 0:00:49] Strongly threatening ...a3.} (75... Rb1 $5 76. Rg4 $8 Rc1+ 77. Kxb6 Rb1+ 78. Kc5 Ra1 $11) 76. Rg8+ $2 {[%emt 0:00:21][%mdl 8192] White is on the road to losing.} (76. Kc7 $11) 76... Ka7 {[%emt 0:00:04] Black mates.} 77. Rg7+ Ka6 78. Rg8 Rc3+ 79. Kd5 Ka5 80. Kd4 Rc7 81. Rg1 a3 82. Kd3 b5 83. Rg2 Ka4 84. Rg1 a2 85. Rg8 Kb3 86. Rg1 Rd7+ 87. Ke3 Kb2 88. Rg2+ Ka3 89. Rg1 b4 90. Ke4 b3 91. Ke5 Rd2 92. Ke6 Kb2 {[%emt 0:00:05] Weighted Error Value: White=0.29 (precise) /Black=0.19 (very precise)} 0-1

[Event "FIDE WY-U16 Olympiad 2022"]
[Site "Nakhchivan"]
[Date "2022.10.03"]
[Round "2.6"]
[White "Shamatava, Nikolozi"]
[Black "Karsten, Jan"]
[Result "1-0"]
[ECO "D11"]
[WhiteElo "2089"]
[BlackElo "1921"]
[Annotator "TA"]
[PlyCount "95"]
[EventDate "2022.10.02"]
[EventType "team-tourn"]
[EventCountry "AZE"]
[SourceTitle "playchess.com"]
[Source "ChessBase"]
[SourceQuality "1"]
[WhiteTeam "Georgia"]
[BlackTeam "South Africa"]
[WhiteTeamCountry "GEO"]
[BlackTeamCountry "RSA"]
[TimeControl "40/5400+30:1800+30"]

1. d4 d5 2. c4 c6 3. Nf3 Nf6 4. Qc2 dxc4 5. Qxc4 Bf5 6. g3 e6 7. Bg2 Be7 {[%emt 0:00:07] is now debated instead of 7...Nbd7.} 8. O-O {[%emt 0:00:05] D23: Queen's Gambit Accepted: 3 Nf3 Nf6 sidelines.} O-O 9. e3 Nbd7 10. Rd1 {[%emt 0:00:10] The position is equal.} Rc8 11. Qe2 Bg6 12. Nc3 b5 13. Ne1 b4 14. Na4 Qa5 15. b3 {[%emt 0:00:12] [#]} c5 $146 ({Predecessor:} 15... Nb6 16. Nxb6 axb6 17. e4 Rfd8 18. Bb2 Bf8 19. Nd3 c5 20. Nf4 cxd4 21. Nxg6 hxg6 22. Bxd4 {½-½ (54) Sharevich,A (2344)-Worek,J (2306) Warsaw 2011}) 16. a3 cxd4 17. Rxd4 bxa3 18. Bxa3 Bxa3 19. Rxa3 Rc1 20. b4 Qh5 ({Black should try} 20... Qf5 $11 21. Nc3 a5) 21. Qd2 $1 $16 Rc7 {[%emt 0:04:03] [#]} 22. Nc3 {[%emt 0:06:10][%cal Ba4c3,Bc3b5,Bb5d6][%mdl 32] Prevents Qb5. Threatens to win with Ra5.} Rb8 $2 {[%emt 0:08:56][%mdl 8192] A mistake that costs the game.} (22... Nb6 $16 {was worth a try.}) 23. Ra5 $18 e5 {[%emt 0:11:16] [#]} 24. Rh4 Qg5 25. Nb5 Rcc8 (25... Rxb5 {might work better.} 26. Rxb5 Ne8) 26. Nd6 {[%emt 0:00:53] Strongly threatening f4.} Rd8 27. f4 Qxh4 28. gxh4 exf4 29. exf4 Nb6 30. f5 Bh5 31. Qf4 {[%emt 0:00:38] Inhibits Nc4.} Rd7 32. Bc6 Re7 33. Re5 Rc7 34. b5 a6 35. Ne4 axb5 36. Rxb5 Rcc8 37. Nxf6+ gxf6 38. Rb2 {[%emt 0:00:14] White wants to mate with Rg2+.} Kh8 39. Rg2 {[%emt 0:00:29][%cal Of4h6] White threatens Qh6! and mate.} Rd8 40. Qh6 {[%emt 0:00:12][%csl LRf6,LRh5][%cal Rh6f6] White mates.} Bg6 41. fxg6 fxg6 42. Rxg6 Rg8 43. Rxg8+ Rxg8+ 44. Kf2 Nc8 45. Qxf6+ Rg7 46. h5 h6 47. Qxh6+ Rh7 48. Qf8# {[%emt 0:00:07] Weighted Error Value: White=0.08 (flawless) /Black=0.40} 1-0

[Event "FIDE WY-U16 Olympiad 2022"]
[Site "Nakhchivan"]
[Date "2022.10.03"]
[Round "2.7"]
[White "Bakhrillaev, Bakhrom"]
[Black "Ahmad, Khagan"]
[Result "0-1"]
[ECO "E46"]
[WhiteElo "2166"]
[BlackElo "2196"]
[Annotator "TA"]
[PlyCount "166"]
[EventDate "2022.10.02"]
[EventType "team-tourn"]
[EventCountry "AZE"]
[TimeControl "40/5400+30:1800+30"]

1. d4 Nf6 2. c4 e6 3. Nc3 Bb4 4. e3 O-O 5. Bd2 d5 6. Nf3 c5 7. a3 Bxc3 8. Bxc3 Ne4 9. Rc1 Nxc3 10. Rxc3 cxd4 11. Nxd4 {[%emt 0:00:15] The main line 11.Nxd4 scores better than 11.Qxd4.} Nc6 {[%emt 0:00:46] E51: Nimzo-Indian: Rubinstein: 4...0-0 5 Nf3 d5.} 12. cxd5 Qxd5 13. Nxc6 bxc6 {[%emt 0:00:02] White is slightly better.} 14. Qc2 Rb8 15. b4 {[%emt 0:00:32] [#]} Rd8 $146 ({Predecessor:} 15... Bb7 16. Rc5 Qd8 17. Bd3 h6 18. O-O Ra8 19. Bh7+ Kh8 20. Be4 a5 21. b5 Rc8 22. Bxc6 Bxc6 23. bxc6 {1-0 (62) Bluebaum,M (2647)-Papasimakopoulos,A (2312) Chess.com INT 2022}) 16. Rc5 $1 {[%emt 0:06:57] Prevents a5.} Qd6 17. Rxc6 $40 {[%emt 0:07:53][%mdl 128] White mounts an attack.} ({White should try} 17. Be2 $16) 17... Qe5 $11 18. Rc5 Qa1+ 19. Qc1 Qf6 ({Better is} 19... Qxc1+ $1 $14 20. Rxc1 Bb7) 20. Be2 $16 Bb7 21. O-O Qg6 (21... Rbc8 $16 22. f3 Qe7) 22. f3 $18 h5 23. Rd1 h4 (23... Rxd1+ {keeps fighting.} 24. Qxd1 Qf6) 24. Kf2 h3 25. g3 (25. gxh3 $6 Qf6 $16) 25... Qf6 26. Qc3 Rxd1 27. Qxf6 (27. Bxd1 Qe7 28. Rc7 Qd8) 27... gxf6 28. Bxd1 {[%emt 0:00:05][%mdl 4096] Endgame KRB-KRB} Rd8 29. Ke1 ({Don't go for} 29. Rc7 $2 Rd2+ 30. Be2 (30. Ke1 $2 Rxh2 31. Rc4 Rg2 $19) 30... Ba6 $19) 29... Rd3 30. Rc7 Ba6 31. Rxa7 Rxe3+ 32. Kf2 Rxa3 33. Be2 Ra1 (33... Ra4 $142 34. Rxa6 Rxb4) 34. Bxa6 $2 {[%emt 0:00:38] KRB-KR} (34. Rxa6 Rh1 35. Ke3) 34... Ra2+ 35. Ke3 Rxh2 36. Bd3 Rh1 37. Ra2 h2 38. Re2 {[%emt 0:00:03] Inhibits Re1.} Kf8 39. b5 {[%emt 0:05:09] Kd4 is the strong threat.} f5 40. b6 Rb1 41. Rxh2 (41. Bxb1 $2 {perishes.} h1=Q 42. Bd3 Qg1+ 43. Rf2 Qxg3 $19) 41... Rxb6 42. Rh1 Kg7 43. Rb1 Rc6 44. Rb7 Kf6 45. Bb5 Rc3+ 46. Kf2 Rc2+ 47. Kg1 Rc1+ 48. Kg2 Rc2+ 49. Kh3 Rc8 50. Kg2 (50. Bd7 $18 Ra8 51. Bb5) 50... Rc2+ $16 {[%emt 0:00:24] [#]} 51. Kf1 $1 {[%emt 0:00:04] aiming for Be8.} Rc1+ 52. Ke2 $1 Rc2+ 53. Ke3 (53. Kd1 $16 Rg2 54. Be8) 53... Rc3+ $11 54. Bd3 {[%emt 0:00:10] Threatens to win with Ra7.} Rc8 $2 (54... Rc6 $1 $11 55. Rb3 Rc8) 55. Rb6 Rg8 56. Kf4 Rg5 57. Ra6 Rh5 58. Ra5 {[%emt 0:00:58] Strongly threatening g4.} Rh1 59. g4 Rd1 60. Be2 Re1 61. Ra2 {[%emt 0:00:51] Hoping for gxf5.} ({Weaker is} 61. gxf5 Rxe2 62. fxe6 fxe6 $11) 61... Rb1 62. Ra4 {[%emt 0:02:01] Against Rb4+. And now gxf5 would win.} Rb2 63. Bd3 fxg4 64. fxg4 (64. Kxg4 $18 {is more deadly.} Ke5 65. f4+ Kf6 66. Kf3) 64... Rf2+ $16 65. Kg3 Rd2 66. Rf4+ Kg5 67. Be4 (67. Rd4 $16) 67... Rd4 $11 68. Kf3 $2 {[%emt 0:00:02][%mdl 8192] [#] White is on the road to losing.} (68. Rxf7 $11 Rxe4 69. Rg7+ Kf6 70. Rh7) 68... Rd1 $1 $19 {[%emt 0:00:54] ( -> ...Rf1+)} 69. Rxf7 Rf1+ {[%emt 0:00:07][%mdl 64] Skewer. Black mates.} 70. Ke3 Rxf7 {[%emt 0:00:12] KR-KB} 71. Bf3 Rf4 72. Be2 Rb4 73. Bd1 Kf6 74. Bf3 Ke5 75. Be2 Ra4 76. Bd1 Ra3+ 77. Kd2 Kf4 78. Be2 e5 79. Bd1 e4 80. Ke1 Ke3 81. Kf1 Ra1 82. Ke1 Kd3 83. g5 e3 {[%emt 0:00:03] Weighted Error Value: White=0.24 (precise) /Black=0.21 (precise)} 0-1

[Event "FIDE WY-U16 Olympiad 2022"]
[Site "Nakhchivan"]
[Date "2022.10.03"]
[Round "2.7"]
[White "Badenhorst, Chloe"]
[Black "Kirtadze, Anastasia"]
[Result "0-1"]
[ECO "B43"]
[WhiteElo "1751"]
[BlackElo "1922"]
[Annotator "TA"]
[PlyCount "80"]
[EventDate "2022.10.02"]
[EventType "team-tourn"]
[EventCountry "AZE"]
[TimeControl "40/5400+30:1800+30"]

1. e4 c5 2. Nf3 e6 3. d4 cxd4 4. Nxd4 a6 5. Nc3 b5 6. Bd3 Bb7 7. O-O Nc6 8. Nxc6 Bxc6 9. Re1 {[%emt 0:00:07] 9.Re1 scores better than 9.Qe2. B43: Sicilian: Kan Variation: 5 Nc3.} Ne7 10. Bf1 f6 11. Be3 (11. a4 $16) 11... Ng6 12. a4 {[%emt 0:14:54][%cal Ra4b5] [#]} b4 $146 {[%emt 0:02:38] [#]} (12... Bb4 $11) ({Predecessor:} 12... Rb8 13. axb5 axb5 14. Nd5 Kf7 15. f4 Bd6 16. c4 bxc4 17. Bxc4 Rxb2 18. Ra7 Bb8 {½-½ (33) Mchedlishvili,M (2587)-Quparadze,G (2477) Tbilisi 2022}) 13. Nd5 $1 $16 Qb8 (13... exd5 $2 14. exd5 Be7 15. dxc6 dxc6 16. Bc5 Qxd1 17. Raxd1) 14. Nb6 Ra7 15. Nc4 Rc7 16. Nd6+ (16. Qg4 $16) 16... Bxd6 $14 17. Qxd6 a5 18. Bc5 Kf7 19. f4 ({Better is} 19. Ba6 $16) 19... Re8 (19... Rhc8 $11) 20. Qd4 Qa8 21. Rad1 (21. Bd6 $5 Qa7 22. Qxa7 Rxa7 23. b3 $14) 21... Kg8 22. f5 {[%emt 0:02:53] Black must now prevent Bb6.} Ne5 23. Bd6 Rcc8 24. fxe6 Rxe6 25. b3 Kh8 26. Bd3 Rce8 27. Qc5 f5 28. Bc7 fxe4 29. Bf1 {[%emt 0:00:43] A strong pair of Bishops.} Qb7 (29... Qc8 $1 $11 {keeps the balance.} 30. Qxa5 (30. Bxa5 Rg6 $17) 30... e3) 30. Bxa5 $2 (30. Qxa5 $16 {is forced if you want to stay better.} d5 31. Ba6 Qa7+ 32. Qb6 Qxb6+ 33. Bxb6) 30... Rg6 (30... Qb8 $19 31. Rd2 (31. Qxb4 $2 Bb7 $19) 31... Ng4) 31. Kh1 $2 (31. Qxb4 $15 Qa7+ 32. Qb6 (32. Bb6 $2 Qb8 $19) 32... Qxb6+ 33. Bxb6 Nf3+ 34. Kf2 Nxe1 35. Rxe1) 31... e3 $19 32. Re2 Bf3 (32... Ng4 $142 33. Kg1 Qb8) 33. Rde1 $2 (33. Qxe3 Bxe2 34. Qxe2) 33... Bxe2 34. Rxe2 Rf6 35. Kg1 Ref8 36. Re1 {[%emt 0:00:33] [#]} Nf3+ $1 37. gxf3 Qxf3 38. Bc7 Qf2+ 39. Kh1 Qxe1 40. Bg3 Qxf1# {[%emt 0:00:06] Black used his chance.  Weighted Error Value: White=0.69/Black=0.44} 0-1

[Event "FIDE WY-U16 Olympiad 2022"]
[Site "Nakhchivan"]
[Date "2022.10.03"]
[Round "2.8"]
[White "Safarov, Deniel"]
[Black "Potgieter, Edward"]
[Result "1-0"]
[ECO "C88"]
[WhiteElo "1881"]
[BlackElo "1567"]
[Annotator "COMBH"]
[PlyCount "123"]
[EventDate "2022.10.02"]
[EventType "team-tourn"]
[EventCountry "AZE"]
[TimeControl "40/5400+30:1800+30"]

1. e4 e5 2. Nf3 Nc6 3. Bb5 a6 4. Ba4 Nf6 5. O-O Be7 6. Re1 b5 7. Bb3 O-O 8. a4 b4 9. d4 d6 10. dxe5 dxe5 11. Qe2 Bc5 12. Be3 Qe7 13. Nbd2 Bb7 14. Rac1 Bxe3 15. Qxe3 Nd7 16. c3 a5 17. Bd5 Nb6 18. Bxc6 Bxc6 19. b3 Bb7 20. cxb4 axb4 21. Qc5 Qxc5 22. Rxc5 Rac8 23. Rec1 Rfd8 24. Rxe5 c5 25. Rexc5 Rxc5 26. Rxc5 Bxe4 27. Rb5 Bxf3 28. gxf3 Nd5 29. a5 h5 30. Nc4 Nf4 31. h4 Rd1+ 32. Kh2 Ra1 33. Rxb4 Nd3 34. Rb8+ Kh7 35. b4 Ra4 36. Nb6 Ra2 37. Nd7 Rxf2+ 38. Kg3 Ra2 39. Rb6 f5 40. Nf8+ Kg8 41. Ne6 Ra1 42. Rb7 Rg1+ 43. Kh2 Re1 44. a6 Re2+ 45. Kh3 Nf2+ 46. Kg3 f4+ 47. Nxf4 Ra2 48. Nxh5 Nh1+ 49. Kf4 Rxa6 50. Rxg7+ Kh8 51. Rg2 Ra4 52. Rb2 Kg8 53. Kg5 Ra3 54. Rh2 Rxf3 55. Rxh1 Rb3 56. Kg6 Rxb4 57. Nf6+ Kh8 58. Re1 Rb8 59. Re7 Rg8+ 60. Nxg8 Kxg8 61. Rf7 Kh8 62. Rf8# 1-0

[Event "FIDE WY-U16 Olympiad 2022"]
[Site "Nakhchivan"]
[Date "2022.10.03"]
[Round "2.8"]
[White "Shukurova, Aydan"]
[Black "Omonova, Umida"]
[Result "0-1"]
[ECO "A52"]
[WhiteElo "1732"]
[BlackElo "2196"]
[Annotator "TA"]
[PlyCount "102"]
[EventDate "2022.10.02"]
[EventType "team-tourn"]
[EventCountry "AZE"]
[TimeControl "40/5400+30:1800+30"]

1. d4 Nf6 2. c4 e5 3. dxe5 Ng4 4. e4 Nxe5 5. f4 Nec6 6. Be3 Bb4+ 7. Nc3 Qe7 {[%emt 0:01:05] A52: Budapest Gambit.} (7... Bxc3+ $11 8. bxc3 O-O) 8. Bd3 (8. Nge2 $1 $14) 8... O-O {[%emt 0:05:33] [#]} (8... Bxc3+ $11 {remains equal.} 9. bxc3 Na6) 9. Nge2 $1 $16 {[%emt 0:11:22] [#]} Qh4+ $146 {[%emt 0:08:02] White is better.} ({Predecessor:} 9... f5 10. O-O Bxc3 11. Nxc3 d6 12. Qf3 Be6 13. Rae1 Qf7 14. c5 dxc5 15. Bxc5 Rd8 {1-0 (29) Chojnacki,K (2437)-Lambucki,L (1844) Poznan 2011}) 10. Ng3 (10. Bf2 $16 Bxc3+ 11. Nxc3 (11. bxc3 Qh6 $14) 11... Qxf4 12. Nd5) 10... d6 $14 11. O-O Bg4 12. Be2 Bxc3 (12... Bxe2 $14 13. Ncxe2 Nd7) 13. Bxg4 $16 ({Don't play} 13. bxc3 $6 Bxe2 14. Qxe2 Qe7 $14) 13... Bd4 14. Nf5 ({White should play} 14. Bxd4 $16 Nxd4 15. Qxd4 Qxg4 16. Nf5) 14... Bxe3+ $14 15. Nxe3 Na6 16. Rf3 (16. Nd5 $14) 16... Qf6 (16... Rfe8 $11) 17. Nd5 Qd4+ 18. Qxd4 (18. Re3 {keeps more tension.} Qxb2 19. Rb3 Qd4+ 20. Qxd4 Nxd4 21. Rxb7 Rfe8 22. Rxc7 Nxc7 23. Nxc7 Rab8 24. Nxe8 Rxe8 25. Rb1) 18... Nxd4 19. Rd3 Ne6 20. Rh3 ({Better is} 20. g3 $16) 20... Rae8 $11 21. Rf1 c6 22. Bxe6 Rxe6 23. Nc3 Nc5 24. f5 Re5 25. Re3 Rfe8 26. Rfe1 a5 27. g4 f6 28. Kg2 Kf7 29. Kf3 Rh8 (29... g6 {is interesting.} 30. Rd1 h5 31. h3 Rh8) 30. Rd1 Ke7 31. Ne2 Kd7 32. Nf4 Rhe8 33. Rde1 Kc7 34. h4 Nd7 35. b3 R5e7 36. Ne6+ Rxe6 37. fxe6 Rxe6 $14 {[%emt 0:00:07][%mdl 4096] Endgame KRR-KRN} 38. a3 (38. g5 $16) 38... a4 $11 39. b4 (39. bxa4 $11 {keeps the balance.} Ne5+ 40. Kf4) 39... Ne5+ $17 40. Kg3 (40. Kf4 $17) 40... Nxc4 $19 41. Rc3 Nd2 42. Rce3 {[%emt 0:02:02] [#]} (42. Kf4 $142) 42... d5 $1 43. Rd3 Nxe4+ ({Stronger than} 43... Rxe4 44. Rxe4 Nxe4+ 45. Kf4 $17) 44. Kg2 Kd6 45. Red1 Re5 46. Rb1 b6 47. Kf3 g6 48. Kg2 $2 (48. Rc1) 48... h5 {[%emt 0:00:00] Black is clearly winning.} 49. gxh5 Rxh5 50. Rh1 g5 51. hxg5 (51. Rd4 $142 Rxh4 52. Rhd1) 51... Rxh1 {[%emt 0:00:00] Weighted Error Value: White=0.42/Black=0.16 (very precise)} 0-1

[Event "FIDE WY-U16 Olympiad 2022"]
[Site "Nakhchivan"]
[Date "2022.10.03"]
[Round "2.9"]
[White "Montes Orozco, Miguel Angel"]
[Black "Pranav Vijay"]
[Result "0-1"]
[ECO "E15"]
[WhiteElo "2051"]
[BlackElo "2265"]
[Annotator "NA RC"]
[PlyCount "74"]
[EventDate "2022.10.02"]
[EventType "team-tourn"]
[EventCountry "AZE"]
[SourceTitle "playchess.com"]
[Source "ChessBase"]
[SourceQuality "1"]
[WhiteTeam "Mexico"]
[BlackTeam "India"]
[WhiteTeamCountry "MEX"]
[BlackTeamCountry "IND"]
[TimeControl "40/5400+30:1800+30"]

1. d4 Nf6 2. c4 e6 3. Nf3 b6 4. g3 Ba6 $11 5. Qc2 c5 6. Bg2 Bb7 7. O-O cxd4 8. Nxd4 Bxg2 9. Kxg2 Qc7 10. Rd1 Be7 11. b3 O-O 12. Ba3 Bxa3 13. Nxa3 a6 14. Qb2 d6 15. Nac2 Nbd7 16. Nb4 Nc5 17. f3 Qb7 18. e4 Rac8 19. Qf2 Rfd8 20. Rac1 h6 21. Qe3 Nfd7 22. Nd3 Nxd3 23. Qxd3 Ne5 24. Qe2 Rc5 25. Rc2 b5 26. cxb5 Rxc2 27. Nxc2 axb5 28. Nb4 Qb6 29. Qf2 Qc7 30. Qd2 Qb7 31. Rc1 Rd7 32. Rc3 Qb6 33. Qf2 Qa5 34. Qd4 Kh7 35. h3 Rc7 36. f4 Nc4 37. Nc2 e5 0-1

[Event "FIDE WY-U16 Olympiad 2022"]
[Site "Nakhchivan"]
[Date "2022.10.03"]
[Round "2.9"]
[White "Omonov, Asrorjon"]
[Black "Ismayilova, Khanim"]
[Result "1-0"]
[ECO "D02"]
[WhiteElo "2016"]
[BlackElo "1901"]
[Annotator "TA"]
[PlyCount "83"]
[EventDate "2022.10.02"]
[EventType "team-tourn"]
[EventCountry "AZE"]
[TimeControl "40/5400+30:1800+30"]

1. d4 d5 2. Bf4 Nf6 3. Nf3 e6 4. e3 c5 5. c3 Bd6 6. Bg3 {[%emt 0:00:05] D02: 1 d4 d5 2 Nf3 sidelines, including 2...Nf6 3 g3 and 2...Nf6 3 Bf4.} O-O 7. Nbd2 b6 8. Bd3 {[%emt 0:00:50] The position is equal.} Ba6 9. Bxa6 Nxa6 10. Ne5 Qc7 11. O-O Nb8 12. f4 Nc6 13. Bh4 $1 Ne4 14. Nxe4 dxe4 15. Qa4 Rac8 {[%emt 0:10:27] [#]} 16. Rad1 $146 ({Predecessor:} 16. Rac1 f6 17. Ng4 f5 18. Ne5 Bxe5 19. fxe5 Ne7 20. Bxe7 Qxe7 21. b4 Qg5 22. Rfe1 cxd4 23. exd4 {0-1 (30) Skrbec,L (1781)-Res,I (2097) Rijeka 2018}) 16... cxd4 17. Nxc6 Qxc6 18. Qxc6 Rxc6 19. Rxd4 f5 20. Kf2 Re8 (20... Bc5 $11) 21. Rfd1 $14 Be7 22. Bxe7 Rxe7 {[%emt 0:00:07][%mdl 4096] Endgame KRR-KRR} 23. Rd8+ Kf7 24. Ke2 Rc5 25. g3 a5 26. R1d6 Rb7 27. Rd4 Rbc7 28. Rb8 (28. Kd2 $14) 28... R5c6 (28... a4 $11 {might be stronger.}) 29. Kd1 Ke7 30. Kc2 Rc8 31. Rxc8 Rxc8 $11 {[%emt 0:00:05] KR-KR} 32. Kb3 Rc5 33. Ka4 e5 34. fxe5 Rxe5 35. h4 h5 (35... Re6 $142) 36. c4 Ke6 (36... Re6 $11) 37. a3 (37. Rd8 $16) 37... g5 $2 {[%emt 0:00:36][%mdl 8192] [#] Black cannot hold the game after this.} (37... Ke7 $14) 38. hxg5 $18 h4 $2 (38... Kf7 39. Rd5 Re8 40. Rxf5+ Kg6) 39. gxh4 f4 40. exf4 e3 41. fxe5 Kxe5 42. Rd8 {[%emt 0:00:05] Weighted Error Value: White=0.10 (very precise) /Black=0.55} 1-0

[Event "FIDE WY-U16 Olympiad 2022"]
[Site "Nakhchivan"]
[Date "2022.10.03"]
[Round "2.10"]
[White "Pranesh M"]
[Black "Galaviz Medina, Atlas Adomaitis"]
[Result "1-0"]
[ECO "B40"]
[WhiteElo "2437"]
[BlackElo "2069"]
[Annotator "RC"]
[PlyCount "69"]
[EventDate "2022.10.02"]
[EventType "team-tourn"]
[EventCountry "AZE"]
[SourceTitle "playchess.com"]
[Source "ChessBase"]
[SourceQuality "1"]
[WhiteTeam "India"]
[BlackTeam "Mexico"]
[WhiteTeamCountry "IND"]
[BlackTeamCountry "MEX"]
[TimeControl "40/5400+30:1800+30"]

1. e4 c5 2. Nf3 e6 3. d4 cxd4 4. Nxd4 Nf6 5. Bd3 Nc6 6. Nxc6 bxc6 7. O-O d5 8. e5 Nd7 9. Re1 Bc5 10. Qg4 g6 11. Nd2 Qb6 12. Qg3 Bb7 13. Nf3 Bf8 14. Be3 c5 15. b4 Qc7 16. bxc5 a6 17. Qh4 Bg7 18. Bh6 Bxh6 19. Qxh6 Nxc5 20. Rab1 O-O-O 21. Rb4 Kb8 22. Reb1 Ka8 23. Rb6 Rb8 24. Qf4 Bc6 25. Rxb8+ Rxb8 26. Rxb8+ Qxb8 27. h4 Nxd3 28. cxd3 Qb1+ 29. Kh2 Qxd3 30. Qxf7 Qf5 31. Qg8+ Kb7 32. Qxh7+ Kb6 33. Qe7 d4 34. Qb4+ Kc7 35. Qd6+ 1-0

[Event "FIDE WY-U16 Olympiad 2022"]
[Site "Nakhchivan"]
[Date "2022.10.03"]
[Round "2.10"]
[White "Nuriyeva, Nurtan"]
[Black "Khamdamova, Afruza"]
[Result "0-1"]
[ECO "D59"]
[WhiteElo "1691"]
[BlackElo "2040"]
[Annotator "TA"]
[PlyCount "74"]
[EventDate "2022.10.02"]
[EventType "team-tourn"]
[EventCountry "AZE"]
[TimeControl "40/5400+30:1800+30"]

1. d4 Nf6 2. Nf3 d5 3. c4 e6 4. Nc3 Be7 5. Bg5 O-O 6. e3 h6 7. Bh4 b6 8. cxd5 Nxd5 9. Bxe7 Qxe7 10. Nxd5 exd5 11. Rc1 Be6 12. Bd3 c5 13. dxc5 {[%emt 0:03:14] D59: Queen's Gambit Declined: Tartakower Defence: Main line (8 cxd5 Nxd5).} bxc5 14. Qc2 Nd7 15. O-O {[%emt 0:00:24] The position is equal.} Rfc8 {[%emt 0:00:07] [#]} 16. h3 $146 ({Predecessor:} 16. Rfd1 Rc7 17. Bf5 Rac8 18. Bxe6 Qxe6 19. b4 c4 20. Qd2 Nb6 21. Nd4 Qd7 22. h3 {0-1 (33) Bilan,D (2303)-Korkmaz,N (2107) Chess.com INT 2021}) 16... Nf6 17. Rfd1 Qb7 18. Qe2 {[%emt 0:17:33] Black must now prevent Ba6.} a5 19. Bb1 Rab8 20. b3 Qb4 21. Ne5 a4 22. Nd3 Qa3 23. bxa4 c4 24. Nf4 Qxa4 25. e4 Re8 26. e5 c3 (26... g5 $2 27. exf6 Rxb1 28. Rxb1 $18) 27. Nxe6 Rxe6 28. Rxc3 (28. Bf5 $14 {deserves consideration.} Re7 29. Qe3) 28... Rxe5 $11 29. Qc2 Qe8 30. Kh2 Re2 31. Qf5 Qe6 32. Qf4 Re8 33. a4 Nh5 34. Qf5 (34. Qd4 $5 ) 34... Qd6+ 35. g3 g6 {[%emt 0:00:59][%cal Bg7g6,Bg6f5][%mdl 32] Active counter play!} 36. Rxd5 {[%emt 0:00:56][%mdl 8192] [#]} (36. Qf3 $11) 36... Qb6 ({Not} 36... gxf5 37. Rxd6 Rxf2+ 38. Kg1 $17) 37. Kg2 gxf5 {[%emt 0:00:08] Weighted Error Value: White=0.26 (precise) /Black=0.07 (flawless)} 0-1